Unix NetHack Version 5.0.0-0 post-release - last build May 23 2026 06:08:33 (1c0ff79ee797540d5714e4e18072db0edd9e58ae,branch:main).

Game began 2026-05-28 23:08:31, ended 2026-05-29 00:47:53.

FalseGod, neutral female gnomish Wizard

         -----------  ###################################              ------
         ...........### --------------------------------#              |....|
         |.........|    |..............................|#              |....|
         |..........#   |.-----..-------------|--......|#          ####)....|
         |.........|#   |.|...|..|  |....|...|..|......|#          #   |<...|
         -----------#   |.|...|..+  |....|...|..|..)...|#          #   +....|
                    ####.*|...-..|---....|...|--|).....|#          #   ------
                        |*|-----.|f@|....|...|..|......|#          #
                        |.|....|.|.a|....--|-|..|.----.|#   ########
                        |*|.)..|.|@%||.-[.{..-|--.-.(|.-#####
                        |.|....-.-?--....)).......|..|.|#
                        |.|....|......-)--....-|-----|.|
                        |.|-----.....)|.[|....|.(.|((|.|
                        |.|.%%|.{.....|![|....|(..|.(|.|
                        |.-*!.|...[.).|!.|....|((.|..|.|
                        |.-----|...(------.{..------|-.|
                        |...............(............(.|
                        ---------.----------------------

FalseGod the Thaumaturge  St:12 Dx:15 Co:18 In:14 Wi:12 Ch:9  Neutral
Dlvl:5  $:34 HP:0(63) Pw:17(85) AC:5  Xp:7 T:5955 

Latest messages:
 The fire ant bites!
 The fire ant bites again!
 You avoid harm.
 The large cat drops a food ration.
 You do not owe Pasawahan anything.
 The fire ant just misses!
 The fire ant bites!
 You're on fire!
 The fire ant bites!
 The fire ant bites again!
 You're on fire!
 In what direction? b
 The spell hits the fire ant!
 You kill the fire ant!
 The fire ant bites!
 The fire ant bites again!
 You avoid harm.
 In what direction? b
 The spell hits the fire ant!
 The fire ant bites!
 The fire ant bites again!
 You avoid harm.
 In what direction? b
 The spell hits the fire ant!
 The fire ant bites!
 The fire ant bites again!
 You're on fire!
 The fire ant bites!
 The fire ant bites again!
 You avoid harm.
 The large cat picks up a cream pie.
 The fire ant bites!
 The fire ant just misses!
 The large cat bites the fire ant.
 The fire ant misses the large cat.
 The fire ant misses the large cat.
 In what direction? j
 The spell misses the fire ant.
 The fire ant bites!
 The fire ant bites again!
 You're on fire!
 The large cat misses the fire ant.
 The fire ant bites!
 You die...
 Pasawahan gratefully inherits all your possessions.
 Do you want to see what you had when you died? [ynq] (y) y
 Do you want to see your attributes? [ynq] (y) y
 Do you want an account of creatures vanquished? [ynaq] (y) n
 Do you want to see your conduct and achievements? [ynq] (y) n
 Do you want to see the dungeon overview? [ynq] (y) n

Inventory:
 Coins    ('$')
  $ - 34 gold pieces
 Weapons  (')')
  q - 18 +0 darts
  s - 3 +0 daggers (wielded)
  Y - a blessed +1 aklys (alternate weapon; not wielded)
 Armor    ('[')
  V - an uncursed +0 pair of low boots (being worn)
  a - an uncursed +0 small shield (being worn)
  b - an uncursed +0 cloak of magic resistance
  r - an uncursed +0 studded leather armor (being worn)
 Rings    ('=')
  d - an uncursed ring of conflict
  e - an uncursed +1 ring of increase accuracy
 Wands    ('/')
  v - a wand of digging (0:6)
  p - a wand of sleep (0:5)
  c - a wand of slow monster (0:5)
  T - a wand of striking (0:4)
 Tools    ('(')
  X - an uncursed figurine of a winter wolf cub
  Q - an uncursed leash
  n - a magic marker (0:20)
  B - an uncursed oil lamp (lit)
  P - an uncursed skeleton key
  O - an uncursed tin whistle
  J - a tinning kit (0:85)

FalseGod the Wizard's attributes:

Background:
 You were a Thaumaturge, a level 7 female gnomish Wizard.
 You were neutral, on a mission for Thoth
 who was opposed by Ptah (lawful) and Anhur (chaotic).
 You were right-handed.
 You were in the Gnomish Mines, on level 5.
 You entered the dungeon 5955 turns ago.
 It was the midnight hour.
 You had 707 experience points, 573 more were needed to attain level 8.

Basics:
 You had 0 out of 63 hit points.
 You had 17 out of 85 energy points (spell power).
 Your armor class was 5.
 Your wallet contained 34 zorkmids.
 Autopickup was off.

Final Characteristics:
 Your strength was 12 (limit:18/50).
 Your dexterity was 15 (limit:18).
 Your constitution was 18 (limit:18).
 Your intelligence was 14 (limit:19).
 Your wisdom was 12 (limit:18).
 Your charisma was 9 (limit:18).

Final Status:
 You weren't hungry.
 You were unencumbered.
 You were wielding daggers.
 You had basic skill with dagger.

Final Attributes:
 You were piously aligned.
 You were telepathic.
 You had infravision.
 You were warded.
 You are dead.

Miscellaneous:
 You didn't encounter any bones levels.
 Total elapsed playing time was 1 hour, 39 minutes and 19 seconds.

Major events:
 Turn
    1: FalseGod the neutral female gnomish Wizard entered the dungeon
  656: attained the rank of Conjurer (level 3)
 1511: entered the Gnomish Mines
 3969: attained the rank of Thaumaturge (level 6)
 4115: reached Mine Town
 5955: killed by a fire ant

Spells:
 Name                 Level Category     Fail Retention
 force bolt             1   attack         1%   71%-75%
 cure sickness          3   healing      100%   51%-75%
 extra healing          3   healing      100%  76%-100%

Skills:
 Fighting Skills
   bare handed combat [Unskilled]
   riding             [Unskilled]
 Weapon Skills
   dagger             [Basic]
   knife              [Unskilled]
   axe                [Unskilled]
   short sword        [Unskilled]
   club               [Unskilled]
   mace               [Unskilled]
   quarterstaff       [Basic]
   polearms           [Unskilled]
   spear              [Unskilled]
   trident            [Unskilled]
   sling              [Unskilled]
   dart               [Unskilled]
   shuriken           [Unskilled]
 Spellcasting Skills
   attack spells      [Skilled]
   healing spells     [Unskilled]
   divination spells  [Unskilled]
   enchantment spells [Basic]
   clerical spells    [Unskilled]
   escape spells      [Unskilled]
   matter spells      [Unskilled]

Voluntary challenges:
 Character rerolling was not enabled.
 You never genocided any monsters.
 You never polymorphed an object.
 You never changed form.
 You used no wishes.
Achievements:
 You attained the rank of Conjurer.
 You entered a shop.
 You entered the Gnomish Mines.
 You attained the rank of Thaumaturge.
 You entered Minetown.
 You entered a temple.

 The Dungeons of Doom: levels 1 to 4
    Level 1:
       Some fountains.
    Level 2: "shop"
       A general store, a fountain.
       Stairs down to The Gnomish Mines.
    Level 3: "shop"
       A potion shop, a fountain.
    Level 4:
       A fountain.
 The Gnomish Mines: levels 3 to 5
    Level 3:
    Level 4:
    Level 5: <- You were here.
       Many shops, a temple and an altar, some fountains, a sink.
       Final resting place for
          you, killed by a fire ant.


Vanquished creatures:
  a small mimic
  4 watchmen
  a leprechaun
 an iron piercer
  a dog
  a fire ant
  a bugbear
  a mountain nymph
  a rock piercer
  4 ponies
  a fog cloud
  a violet fungus
  2 gnome leaders
  a kobold mummy
 an elf zombie
  a straw golem
  2 giant ants
  a little dog
  4 floating eyes
  4 dwarves
  7 hill orcs
  5 rothes
  a giant bat
  6 monkeys
  4 dwarf zombies
  a wererat
  2 werejackals
  6 iguanas
  a coyote
  a hobbit
 23 manes
  a large kobold
  2 hobgoblins
  3 giant rats
  3 yellow molds
  a green mold
  2 red molds
  7 gnomes
  2 garter snakes
  a gnome zombie
  4 geckos
  9 jackals
  2 foxes
  4 kobolds
  5 goblins
  4 sewer rats
  6 grid bugs
  3 bats
  4 lichens
  2 kobold zombies
  9 newts
165 creatures vanquished.

No species were genocided or became extinct.

Game over:
                       ----------
                      /          \
                     /    REST    \
                    /      IN      \
                   /     PEACE      \
                  /                  \
                  |     FalseGod     |
                  |      34 Au       |
                  | killed by a fire |
                  |       ant        |
                  |                  |
                  |                  |
                  |       2026       |
                 *|     *  *  *      | *
        _________)/\\_//(\/(/\)/\//\/|_)_______

Goodbye FalseGod the Wizard...

You died in The Gnomish Mines on dungeon level 5 with 3059 points,
and 34 pieces of gold, after 5955 moves.
You were level 7 with a maximum of 63 hit points when you died.

